 Dungeon Crawl Stone Soup version 0.29.1-13-g9f3cf754e1 (webtiles) character file.

Game seed: 3400074242949088417

105 KittyFluff the Cudgeller (level 4, -1/29 HPs)
             Began as a Gargoyle Berserker on Jan 21, 2023.
             Was a Believer of Trog.
             Slain by a gnoll
             ... wielding a +0 halberd
              (9 damage)
             ... on level 5 of the Dungeon.
             The game lasted 00:11:35 (3234 turns).

KittyFluff the Cudgeller (Gargoyle Berserker)       Turns: 3234, Time: 00:11:36

Health: -1/29      AC:  6    Str: 20    XL:     4   Next: 81%
Magic:  4/4        EV: 12    Int:  8    God:    Trog [**....]
Gold:   244        SH:  0    Dex: 11    Spells: 3/3 levels left

rFire   . . .      SeeInvis .   a - +0 mace
rCold   . . .      Faith    .   (no shield)
rNeg    + . .      Spirit   .   j - +0 leather armour
rPois   ∞          Reflect  .   (no helmet)
rElec   +          Harm     .   (no cloak)
rCorr   .          Rampage  .   (no gloves)
Will    .....                   (no boots)
Stlth   +.........              (no amulet)
HPRegen 0.09/turn               (no ring)
MPRegen 0.09/turn               (no ring)

@: no status effects
A: sickness immunity, AC +3, negative energy resistance 1, electricity
resistance, torment resistance 1, petrification resistance
a: Renounce Religion, Berserk, Trog's Hand


You were on level 5 of the Dungeon.
You worshipped Trog.
Trog was pleased with you.
You visited 1 branch of the dungeon, and saw 5 of its levels.

You collected 244 gold pieces.

Inventory:

Hand Weapons
 a - a +0 mace (weapon)
Missiles
 b - 4 poisoned darts
 d - 16 stones (quivered)
 e - 3 throwing nets
Armour
 i - a +0 scale mail
 j - a +0 leather armour (worn)
 p - a +0 ring mail
Jewellery
 v - a ring of magical power
Wands
 s - a wand of roots (7)
 A - a wand of light (12)
Scrolls
 c - 2 scrolls of silence {unknown}
 f - 2 scrolls of amnesia {unknown}
 g - 3 scrolls of blinking {unknown}
 h - 10 scrolls of teleportation
 m - 4 scrolls of identify {unknown}
 n - 5 scrolls of brand weapon {unknown}
 o - 3 scrolls of enchant weapon {unknown}
 q - a scroll of vulnerability {unknown}
 r - a scroll of summoning {unknown}
 x - a scroll of butterflies {unknown}
 y - a scroll of fear {unknown}
 C - a scroll of immolation {unknown}
 E - 4 scrolls of magic mapping {unknown}
Potions
 k - 2 potions of invisibility {unknown}
 l - a potion of brilliance {unknown}
 t - a potion of degeneration {unknown}
 u - 2 potions of curing {unknown}
 w - a potion of resistance {unknown}
 z - 2 potions of magic {unknown}
 B - a potion of haste {unknown}
 D - a potion of flight {unknown}


   Skills:
 + Level 3.9 Fighting
 + Level 4.1 Maces & Flails
 * Level 2.8 Armour
 + Level 2.3 Dodging


You had 3 spell levels left.
You didn't know any spells.
Your spell library was empty.

Dungeon Overview and Level Annotations

Branches:
Dungeon (5/15)
 Temple: D:4-7

Altars:
Xom
Yredelemnul

Shops:
D:2 [


Innate Abilities, Weirdness & Mutations

You are immune to sickness and miasma.
Your stone body is resilient. (AC +3)
You are immune to poison.
You resist negative energy. (rN+)
You are resistant to electric shocks. (rElec)
You are resistant to unholy torment.
You are immune to petrification.


Message History

Found a stone staircase leading up.
There is a stone staircase leading up here.
Found 3 scrolls labelled KUN ZEOT DAHA.
Found a stone staircase leading up.
E - 4 scrolls labelled KUN ZEOT DAHA (gained 3)
You can't go down here!
There is a stone staircase leading down here.
You climb downwards.
The gnoll shouts!
You hear a shout!
You hear an angry hiss.
You hear a shout!
Found a whip and a scroll labelled ZEG LUETOMUBA.
Found a stone staircase leading down.
There is a stone staircase leading up here. 2 gnolls come into view.
A gnoll is wielding a +0 spear of freezing.
Found a ring mail.
The gnoll shouts!
An adder comes into view.
You see here a scroll labelled ZEG LUETOMUBA.
g - 3 scrolls labelled ZEG LUETOMUBA (gained 1)
The gnoll completely misses you. The gnoll closely misses you.
There is a stone staircase leading up here.
The gnoll hits you but does no damage.
You climb upwards.
There is a stone staircase leading down here.
You climb downwards.
The adder barely misses you. The adder bites you.
The gnoll enters a dispersal trap!
The gnoll blinks! x2; The adder blinks!
The gnoll blinks!
You blink.
Found an encrusted brass wand.
The gnoll blinks!
The gnoll shouts!
The gnoll hits you from afar with a +0 spear of freezing.
The gnoll freezes you.
The gnoll hits you from afar with a +0 spear of freezing.
The gnoll freezes you. The adder barely misses you.
The gnoll hits you from afar with a +0 halberd.
The adder attacks as you move away! The adder barely misses you.
The gnoll hits you with a +0 halberd. The gnoll closely misses you.
The adder bites you.
* * * LOW HITPOINT WARNING * * *
The gnoll hits you with a +0 halberd!
You die...

##################
#.........>......#
#.......g.)......+
#....<@.g....[...#
#.....ggS........#
#................#
#..........^.....#
#................#
#....##...###+####
#.... #...#
#.........# ..
/.....#


You could see 4 gnolls and an adder.

Vanquished Creatures
  3 adders
  3 worms
  3 dart slugs
  8 ball pythons
  3 endoplasms
  A giant cockroach (D:1)
  8 goblins
  5 hobgoblins
  5 jackals
  5 kobolds
  2 quokkas
  A ball python zombie (D:3)
  2 bats (D:3)
  7 frilled lizards
  A jackal zombie (D:3)
  3 rats
60 creatures vanquished.

Vanquished Creatures (others)
  6 fungi
  A plant (D:1)
  3 toadstools (D:4)
10 creatures vanquished.

Grand Total: 70 creatures vanquished

Notes
Turn   | Place    | Note
-------+----------+-------------------------------------------
     0 | D:1      | KittyFluff the Gargoyle Berserker began the quest for the
                  | Orb.
     0 | D:1      | Reached XP level 1. HP: 14/14 MP: 1/1
    80 | D:1      | Reached XP level 2. HP: 10/19 MP: 2/2
   494 | D:1      | Reached XP level 3. HP: 23/24 MP: 3/3
   540 | D:1      | Found a faded altar of an unknown god.
   897 | D:2      | Reached ** piety under Trog
   978 | D:2      | Found Utiegut's Armour Boutique.
  1553 | D:3      | Found a shimmering altar of Xom.
  1666 | D:3      | Reached XP level 4. HP: 12/29 MP: 4/4
  2117 | D:3      | Found a basalt altar of Yredelemnul.
  2310 | D:3      | Reached skill level 4 in Maces & Flails
  3220 | D:5      | Entered Level 5 of the Dungeon
  3234 | D:5      | Slain by a gnoll

Illustrated notes

Levels and vault maps discovered:
D:1:      grunt_arrival_lava_bath, layout_loops_ring,
          shapermc_ecumenical_altar_rom_forum, chequers_serial_rivers_micro_b
D:2:      layout_rooms, serial_shops, nicolae_shop_hallway_stairs
D:3:      layout_loops_ring, lemuel_zombie_altar_yredelemnul,
          lemuel_coloured_pillars_altar, kennysheep_potato
D:4:      layout_loops_ring, minmay_gold_behind_fungi
D:5:      layout_gridville, mainiacjoe_overflow_alcove_4,
          minmay_temple_entry_sparse_star,
          nicolae_concentric_dashed_squares_wild, serial_bayou_crossing,
          uniq_pikel, uniq_edmund, uniq_blork_the_orc, uniq_grinder

Skill      XL: |  1  2  3  4 |
---------------+-------------+-----
Dodging        | 2 |  2.3
Maces & Flails | 4 |  4.1
Fighting       | |  3.9
Armour         | |  2.8

Action                   |  1- 3 |  4- 6 || total
-------------------------+-------+-------++-------
Melee: Mace              |   117 |    85 ||   202
  Use: Scroll            |     1 |       ||     1
 Stab: Sleeping          |       |     1 ||     1
Armor: Animal skin       |    17 |       ||    17
       Leather armour    |    32 |    31 ||    63
Dodge: Dodged            |    62 |    62 ||   124
